 Dungeon Crawl Stone Soup version 0.18-a0-1778-gadce9fa (webtiles) character file.

123 4thArraOfDagon the Skirmisher (level 5, 3/39 HPs)
             Began as a Formicid Hunter on Apr 16, 2016.
             Was a Follower of Zin.
             Quit the game on level 15 of the Dungeon.
             The game lasted 00:03:58 (537 turns).

4thArraOfDagon the Skirmisher (Formicid Hunter)      Turns: 537, Time: 00:03:59

Health: 3/39       AC:  8    Str: 17    XL:     5   Next: 28%
Magic:  5/5        EV: 10    Int: 11    God:    Zin [*.....]
Gold:   25         SH:  0    Dex: 11    Spells: 0 memorised, 4 levels left

rFire  . . .     SeeInvis +     a - +1 hand crossbow
rCold  . . .     Gourm    .     h - +0 scale mail
rNeg   . . .     Faith    .     (no shield)
rPois  .         Spirit   .     (helmet unavailable)
rElec  .         Dismiss  .     (no cloak)
rCorr  .         Reflect  .     (no gloves)
SustAt .         Harm     .     (no boots)
MR     .....                    (no amulet)
Stlth  ..........               (no ring)
                                (no ring)

@: flying, not resistant to hostile enchantments, extremely unstealthy
A: permanent stasis, dig shafts and tunnels, four strong arms, antennae 3, slimy
green scales 1, frail 1
a: Dig, Shaft Self, Recite, Donate Gold, Renounce Religion


You were on level 15 of the Dungeon.
You worshipped Zin.
Zin was aware of your devotion.
You were near starving.

You visited 1 branch of the dungeon, and saw 8 of its levels.

You collected 27 gold pieces.
You donated 2 gold pieces to Zin.

Inventory:

Hand Weapons
 a - a +1 hand crossbow (weapon)
 b - a +0 short sword
 i - a +1 hand axe
Missiles
 d - 11 bolts (quivered)
Armour
 h - a +0 scale mail (worn)
Wands
 g - a wand of random effects (26/48)
Comestibles
 f - a bread ration


   Skills:
 + Level 5.5 Fighting
 - Level 4.0 Crossbows
 - Level 1.7 Dodging
 - Level 1.2 Stealth


You had 4 spell levels left.
You didn't know any spells.

Dungeon Overview and Level Annotations

Branches:
Dungeon (6/15)
 Temple: D:4-7

Altars:
Zin

Annotations:
D:3 Robin
D:15 Vojta's ghost, journeyman HECj; skk's ghost, journeyman DsFi


Innate Abilities, Weirdness & Mutations

You are under a permanent stasis effect.
You can dig through walls and to a lower floor.
Your four strong arms can wield two-handed weapons with a shield.
You have a pair of large antennae on your head (SInv).
You are partially covered in slimy green scales (AC +2).
You are frail (-10% HP).


Message History

Vojta's ghost puts on a burst of speed!
The unseen horror hits you.
* * * LOW HITPOINT WARNING * * *
The orc moves out of view.
Unknown command.
Drink which item? (? for menu, Esc to quit)
It was a potion of mutation.
You feel extremely strange.
Slimy green scales grow over part of your body.
You feel frail. Zin protects your body from mutation!
Zin forgives your inadvertent chaotic act, just this once.
The unseen horror closely misses you.
Vojta's ghost threatens, "Do not fail me, O fires of Iskenderun!"
The orc warrior hits you with a dire flail!
* * * LOW HITPOINT WARNING * * *
Unknown command.
Are you sure you want to abandon this character and quit the game? (Confirm with "yes".)
Okay, then.
Unknown command.
Unknown command.
Are you sure you want to abandon this character and quit the game? (Confirm with "yes".)

.. # ### #..# #.
..#....# #
#.###.#....# ..
...#..{...#.#
#.#.# ......
#..o##...#.#
..#..ooxo....#
........Wo@W.####
...........#.#
###.######(# # #.
#.# . ... # ...W
..... { .....


You could see an unseen horror (invisible), 2 orc warriors, Vojta's ghost, skk's
ghost and 3 orcs.

Vanquished Creatures
  A crimson imp (D:6)
  A hound (D:6)
  Terence (D:2)
  2 adders
  An adder zombie (D:6)
  2 bats (D:3)
  2 giant cockroaches (D:3)
  2 hobgoblins (D:3)
  A giant newt (D:3)
  3 goblins (D:3)
16 creatures vanquished.

Notes
Turn   | Place    | Note
--------------------------------------------------------------
     0 | D:1      | 4thArraOfDagon the Formicid Hunter began the quest for the Orb.
     0 | D:1      | Reached XP level 1. HP: 16/16 MP: 1/1
     3 | D:1      | You fall through a shaft!
     7 | D:2      | Reached skill level 3 in Fighting
     7 | D:2      | Reached XP level 2. HP: 24/24 MP: 2/2
    33 | D:2      | Noticed Terence
    41 | D:2      | Killed Terence
    41 | D:2      | Reached skill level 4 in Fighting
    41 | D:2      | Reached XP level 3. HP: 21/30 MP: 3/3
   135 | D:3      | Found a faded altar to an unknown god.
   141 | D:3      | Became a worshipper of Zin the Law-Giver
   141 | D:3      | Reached * piety under Zin
   194 | D:3      | Reached XP level 4. HP: 38/38 MP: 4/4
   273 | D:3      | Noticed Robin
   292 | D:3      | You fall through a shaft for 3 floors!
   337 | D:6      | Reached skill level 5 in Fighting
   381 | D:6      | Reached XP level 5. HP: 31/44 MP: 5/5
   445 | D:6      | You fall through a shaft for 3 floors!
   445 | D:9      | Noticed a hungry ghost
   448 | D:9      | You fall through a shaft for 3 floors!
   491 | D:12     | Noticed an ogre
   494 | D:12     | Noticed an ogre
   498 | D:12     | Noticed a deep elf mage
   500 | D:12     | Noticed an ice beast
   501 | D:12     | You fall through a shaft for 2 floors!
   501 | D:14     | Noticed a troll
   515 | D:14     | Noticed a centaur warrior
   524 | D:14     | Noticed a giant frog
   528 | D:14     | You fall through a shaft!
   528 | D:15     | Entered Level 15 of the Dungeon
   528 | D:15     | Noticed an orc warrior
   530 | D:15     | Noticed an orc warrior
   530 | D:15     | Noticed an unseen horror
   530 | D:15     | Noticed Vojta's ghost (journeyman HECj)
   531 | D:15     | Noticed skk's ghost (journeyman DsFi)
   536 | D:15     | Gained mutation: You are partially covered in slimy green scales (AC +2). [potion of mutation]
   536 | D:15     | Gained mutation: You are frail (-10% HP). [potion of mutation]
   537 | D:15     | Quit the game

Vault maps used:
D:1:      lemuel_arrival_behind_the_door_large
D:2:      lemuel_upstairs_altar, fedhas_altar_1, uniq_natasha, uniq_terence
D:3:      ecumenical_altar_2, uniq_robin, uniq_grinder
D:9:      kennysheep_mini_moat, old_standard_altar, lemuel_crystal_altar
D:14:     minmay_connected_triangles_in_corner, david_vaults_2, uniq_josephine
D:15:     gammafunk_depths_entry_grave, hangedman_abyss_or_decor_stabs

Skill      XL: |  1  2  3  4 |
---------------+-------------+-----
Fighting       | 3 4 5 |  5.5
Crossbows      | |  4.0
Dodging        | |  1.7
Stealth        | |  1.2

Action                   |  1- 3 |  4- 6 || total
-------------------------+-------+-------++-------
 Fire: Hand crossbow     |    20 |    26 ||    46
 Abil: Shaft Self        |     1 |     5 ||     6
       Dig               |     4 |       ||     4
Evoke: Wand              |       |     6 ||     6
  Use: Scroll            |       |     2 ||     2
       Potion            |       |     2 ||     2
Armor: Scale mail        |     2 |     4 ||     6
Dodge: Dodged            |     5 |    25 ||    30
